 Dungeon Crawl Stone Soup version 0.29-a0-289-g2178c42546 (webtiles) character file.

Game seed: 17611963031437989861

18 Dabor the Skirmisher (level 2, -1/25 HPs)
             Began as a Palentonga Fighter on Mar 17, 2022.
             Was a Plaything of Xom.
             Slain by a quasit (2 damage)
             ... summoned by Xom
             ... on level 1 of the Dungeon.
             The game lasted 00:00:57 (692 turns).

Dabor the Skirmisher (Palentonga Fighter)            Turns: 692, Time: 00:00:58

Health: -1/25      AC:  7    Str: 19      XL:     2   Next: 48%
Magic:  2/2        EV:  7    Int:  8      God:    Xom [.*....]
Gold:   62         SH:  4    Dex:  8 (15) Spells: 1/1 levels left

rFire   . . .      SeeInvis +   a - +0 war axe
rCold   . . .      Faith    .   c - +0 buckler
rNeg    . . .      Spirit   .   b - +0 scale mail
rPois   .          Reflect  .   n - +0 helmet
rElec   .          Harm     .   (no cloak)
rCorr   .          Rampage  .   (no gloves)
Will    .....                   (no barding)
Stlth   ..........              (no amulet)
HPRegen 0.08/turn               g - +6 ring of dexterity
MPRegen 0.08/turn               (no ring)

@: no status effects
A: large, rugged brown scales 3, see invisible, deformed body, roll 1, armoured
tail
a: Rolling Charge, Renounce Religion


You were on level 1 of the Dungeon.
You worshipped Xom.
You were a plaything of Xom.
You visited 1 branch of the dungeon, and saw 1 of its levels.

You collected 62 gold pieces.

Inventory:

Hand Weapons
 a - a +0 war axe (weapon)
Armour
 b - a +0 scale mail (worn)
 c - a +0 buckler (worn)
 n - a +0 helmet (worn)
Jewellery
 g - a +6 ring of dexterity (left hand)
Scrolls
 e - a scroll of identify {unknown}
 f - a scroll of teleportation {unknown}
 i - a scroll of vulnerability {unknown}
 k - a scroll of fog {unknown}
 o - a scroll of holy word {unknown}
Potions
 d - a potion of might
 h - a potion of attraction {unknown}
 j - a potion of brilliance {unknown}
 l - 2 potions of mutation {unknown}
 m - a potion of curing {unknown}


   Skills:
 + Level 3.2 Fighting
 + Level 2.3 Axes
 + Level 2.6 Armour
 + Level 2.6 Shields


You had one spell level left.
You didn't know any spells.
Your spell library contained the following spells:

 Spells                   Type           Power      Damage    Failure   Level
 Blink                    Tloc           0%         N/A       94%         2
 Manifold Assault         Tloc           0%         N/A       100%        5
 Storm Form               Tmut/Air       0%         N/A       100%        7


Dungeon Overview and Level Annotations

Branches:
Dungeon (1/15)

Altars:
Xom


Innate Abilities, Weirdness & Mutations

You are completely covered in rugged brown scales. (AC +3, +7% HP)
You have supernaturally acute eyesight. (SInv)
Armour fits poorly on your strangely shaped body.
You can roll at nearby foes to attack.
You have a long armoured tail.


Message History

The quasit bites you.
* * * LOW HITPOINT WARNING * * *
The quasit barely misses you. The quasit claws you.
* * * LOW HITPOINT WARNING * * *
You barely miss the quasit.
The quasit is almost dead.
The quasit bites you.
* * * LOW HITPOINT WARNING * * *
You feel clumsy.
The quasit claws you but does no damage.
The quasit barely misses you.
The quasit bites you but does no damage.
The quasit completely misses you. The quasit barely misses you.
You barely miss the quasit.
The quasit is almost dead.
The quasit barely misses you. The quasit closely misses you.
The quasit claws you but does no damage.
You closely miss the quasit.
The quasit is almost dead.
The quasit bites you but does no damage.
The quasit claws you but does no damage.
The quasit closely misses you. The quasit barely misses you.
The quasit claws you.
* * * LOW HITPOINT WARNING * * *
The quasit barely misses you.
You completely miss the quasit.
The quasit is almost dead.
You block the quasit's attack. The quasit closely misses you.
The quasit claws you but does no damage.
The quasit bites you.
* * * LOW HITPOINT WARNING * * *
You feel clumsy. The quasit barely misses you.
The quasit claws you but does no damage.
You hit the quasit but do no damage.
The quasit is almost dead.
The quasit bites you but does no damage.
The quasit claws you.
You die... "Huh?
Did I miss anything?"

###.....####.....# #
##.............#
#.############# #.#
####.########
#...........#
#.##.#..###.#
#.##.#..###.#########...
..##......#.##.5@.......
#.####..#.#.##.#########
#.......#......#
.....#......####
#.##.######## #.##.#
..##.# ####.# #.#


You could see a quasit (summoned).

Vanquished Creatures
  A ball python (D:1)
  An endoplasm (D:1)
  A giant cockroach (D:1)
  2 hobgoblins (D:1)
  3 jackals (D:1)
  3 bats (D:1)
  4 kobolds (D:1)
  A rat (D:1)
16 creatures vanquished.

Notes
Turn   | Place    | Note
-------+----------+-------------------------------------------
     0 | D:1      | Dabor the Palentonga Fighter began the quest for the Orb.
     0 | D:1      | Reached XP level 1. HP: 19/19 MP: 1/1
   188 | D:1      | Found a faded altar of an unknown god.
   304 | D:1      | Prayed at the altar of an unknown god.
   304 | D:1      | Became a worshipper of Xom of Chaos
   312 | D:1      | XOM: divination: detect creatures
   396 | D:1      | Reached XP level 2. HP: 25/25 MP: 2/2
   480 | D:1      | XOM: noise
   671 | D:1      | XOM: summons 2 hostile demons
   691 | D:1      | HP: 1/25 [quasit[Xom] (2)]
   692 | D:1      | Slain by a quasit

Illustrated notes

Levels and vault maps discovered:
D:1:      tarquinn_simple_flora_water_f, layout_loops_cross,
          dilly_ecumenical_altar_fadedgnrine, minmay_tromino_v4_b

Action                   || total
-------------------------++-------
Melee: War axe           ||    55
       Tailslap          ||     7
Armor: Scale mail        ||    80
Dodge: Dodged            ||    42
Block: Buckler           ||    22

Table legend: (Time is in decaauts)
 A = Elapsed time spent in this place.
 B = Non-inter-level travel time spent in this place.
 C = Inter-level travel time spent in this place.
 D = Time resting spent in this place.
 E = Time spent auto-exploring this place.
 F = Levels seen in this place.
 G = Mean time per level.
                   A        B        C        D        E       F      G
               +--------+--------+--------+--------+--------+-----+--------+
         Total |    714 |    640 |     74 |      0 |    493 |   1 |  714.0 |
       Dungeon |    714 |    640 |     74 |      0 |    493 |   1 |  714.0 |
               +--------+--------+--------+--------+--------+-----+--------+

Top non-repeatable levels by time:
     D:1: 714 daAuts
